 Dungeon Crawl Stone Soup version 0.31-a0-1-g4198be8af4 (webtiles) character file.

Game seed: 14972585313478925901

126451 CrazyBamboolord the Lord of Darkness (level 16, -6/85 HPs)
             Began as a Demonspawn Necromancer on Apr 30, 2023.
             Was the Champion of Kikubaaqudgha.
             Killed from afar by a will-o-the-wisp (22 damage)
             ... with a foxfire
             ... on level 3 of the Abyss on May 1, 2023.
             The game lasted 02:27:13 (29932 turns).

CrazyBamboolord the Lord of Darkness (DsNe)        Turns: 29932, Time: 02:27:15

Health: -6/85      AC: 17    Str:  7 (9)  XL:     16   Next: 43%
Magic:  11/36      EV: 21    Int: 18 (19) God:    Kikubaaqudgha [******]
Gold:   683        SH:  8    Dex: 14 (16) Spells: 6/48 levels left

rFire   x . .        Y - +10 battleaxe "Ogre's Regret" {heavy, rPois rC+}
rCold   . . .        (shield currently unavailable)
rNeg    + . .        F - +0 steam dragon scales
rPois   +            w - +2 hat
rElec   +            b - +2 cloak
rCorr   +            U - +3 pair of gauntlets of War {Slay+5}
SInv    +            P - +2 pair of boots of Complete Protection {rN+ Str+3 Dex+6 Stlth-}
Will    +....        t - amulet of magic regeneration
Stlth   ++           z - ring of wizardry
HPRegen 0.34/turn    Z - ring of see invisible
MPRegen 0.65/turn

%: random rage (9%), wizardry (x1)
@: agile, about to teleport, resistant, unable to read
A: hooves 2, large bone plates 3, foul stench 1, powered by pain 1, [berserk 2],
[clumsy 2], [deterioration 2], [dopey 2], [frail 3], [weak 2], [cold
vulnerability 2], [heat vulnerability 2], [subdued magic 3], [inability to read
after injury 2]
a: Renounce Religion, Unearth Wretches, Torment, Brand Weapon With Pain, Receive
Forbidden Knowledge


You were on level 3 of the Abyss.
You worshipped Kikubaaqudgha.
Kikubaaqudgha was exalted by your worship.
You visited 4 branches of the dungeon, and saw 24 of its levels.
You visited the Abyss 1 time.
You visited 1 bazaar.
You also visited: Bailey.

You collected 2156 gold pieces.
You spent 1473 gold pieces at shops.

Inventory:

Hand Weapons
 M - the +10 falchion of the Warrior {freeze, Will+ Str+5}
   (You found it on level 1 of the Lair of Beasts)

   Str:       It affects your strength (+5).
   Will:      It increases your willpower.
 Y - the +10 battleaxe "Ogre's Regret" (weapon) {heavy, rPois rC+}
   (You bought it in a shop in a bazaar)

   rC:        It protects you from cold.
   rPois:     It protects you from poison.
Armour
 b - a +2 cloak (worn)
 w - a +2 hat (worn)
 F - +0 steam dragon scales (worn)
 P - the +2 pair of boots of Complete Protection (worn) {rN+ Str+3 Dex+6 Stlth-}
   (You found it on level 2 of the Lair of Beasts)

   Str:       It affects your strength (+3).
   Dex:       It affects your dexterity (+6).
   rN:        It protects you from negative energy.
   Stlth:     It makes you less stealthy.
 T - the +2 robe "Henugusk" {rPois Stlth+}
   (You found it on level 3 of the Lair of Beasts)

   rPois:     It protects you from poison.
   Stlth:     It makes you more stealthy.
 U - the +3 pair of gauntlets of War (worn) {Slay+5}
   (You bought it in a shop on level 10 of the Dungeon)

   Slay:      It affects your accuracy & damage with ranged weapons and melee
   (+5).
Jewellery
 e - a +4 ring of protection
 t - an amulet of magic regeneration (around neck)
 y - a ring of poison resistance
 z - a ring of wizardry (left hand)
 D - a ring of positive energy
 J - a +5 ring of evasion
 W - a +6 ring of intelligence
 X - a ring of willpower
 Z - a ring of see invisible (right hand)
Wands
 o - a wand of paralysis (7)
 G - a wand of polymorph (9)
 I - a wand of iceblast (20)
 N - a wand of mindburst (15)
 Q - a wand of digging (10)
Scrolls
 c - 3 scrolls of vulnerability
 f - a scroll of magic mapping
 i - 3 scrolls of immolation
 k - 7 scrolls of fog
 m - 2 scrolls of butterflies
 q - 4 scrolls of blinking
 r - a scroll of silence
 s - 6 scrolls of enchant armour
 u - 6 scrolls of fear
 v - 7 scrolls of teleportation
 x - 4 scrolls of torment
 A - 4 scrolls of enchant weapon
 C - 3 scrolls of poison
 O - a scroll of identify
 R - 3 scrolls of amnesia
Potions
 a - 5 potions of mutation
 h - a potion of invisibility
 j - 4 potions of attraction
 l - 7 potions of might
 n - 4 potions of flight
 p - 7 potions of haste
 B - 6 potions of curing
 E - 5 potions of lignification
 H - 2 potions of ambrosia
 K - 2 potions of berserk rage
 L - 2 potions of brilliance
 S - a potion of magic
 V - 2 potions of cancellation


   Skills:
 * Level 9.9 Fighting
 * Level 9.1 Dodging
 + Level 4.1 Stealth
 * Level 16.5 Spellcasting
 * Level 7.3 Hexes
 * Level 18.1 Necromancy
 * Level 4.1 Transmutations
 * Level 7.4 Earth Magic


You had 6 spell levels left.
You knew the following spells:

 Your Spells              Type           Power      Damage    Failure   Level
a - Passwall              Tmut/Erth      15%        N/A       1%          2
b - Vampiric Draining     Necr           42%        2d9       0%          3
c - Animate Dead          Necr           42%        N/A       0%          4
d - Agony                 Necr           42%        N/A       0%          5
e - Sublimation of Blood  Necr           42%        N/A       0%          2
f - Cigotuvi's Dreadful   Necr/Pois/Air  38%        N/A       1%          2
g - Dispel Undead         Necr           42%        3d17      0%          4
h - Anguish               Hex/Necr       15%        N/A       0%          4
i - Death Channel         Necr           21%        N/A       1%          6
j - Borgnjor's Vile Clut  Necr/Erth      16%        N/A       1%          5
k - Yara's Violent Unrav  Hex/Tmut       9%         3d6       2%          5

Your spell library contained the following spells:

 Spells                   Type           Power      Damage    Failure   Level
 Necrotise                Necr           100%       1d9       0%          1
 Sandblast                Erth           42%        2d11      0%          1
 Ensorcelled Hibernation  Hex/Ice        28%        N/A       1%          2
 Wereblood                Tmut           15%        N/A       1%          2
 Ignite Poison            Fire/Tmut/Pois 10%        N/A       1%          3
 Inner Flame              Hex/Fire       14%        N/A       1%          3
 Portal Projectile        Hex/Tloc       28%        N/A       1%          3
 Stone Arrow              Conj/Erth      28%        3d8       1%          3
 Cause Fear               Hex            10%        N/A       1%          4
 Leda's Liquefaction      Hex/Erth       10%        N/A       1%          4
 Call Canine Familiar     Summ           7%         N/A       2%          3
 Frozen Ramparts          Ice            14%        1d3       2%          3
 Swiftness                Air            7%         N/A       2%          3
 Vhi's Electric Charge    Tloc/Air       14%        N/A       2%          3
 Ice Form                 Ice/Tmut       11%        N/A       4%          4
 Summon Mana Viper        Hex/Summ       14%        N/A       6%          5
 Airstrike                Air            3%         2d(1-17)  11%         4
 Flame Wave               Conj/Fire      7%         2d5       11%         4
 Sticky Flame             Conj/Fire      7%         2d3       11%         4
 Summon Ice Beast         Ice/Summ       7%         N/A       11%         4
 Summon Lightning Spire   Summ/Air       7%         N/A       11%         4
 Arcjolt                  Conj/Air       3%         1d13      32%         5
 Summon Forest            Summ/Tloc      3%         N/A       32%         5
 Plasma Beam              Fire/Air       3%         2x1d15    86%         6
 Summon Cactus Giant      Summ           3%         N/A       86%         6
 Enfeeble                 Hex            10%        N/A       43%         7
 Dragon Form              Tmut           7%         N/A       86%         7
 Summon Hydra             Summ           3%         N/A       100%        7
 Maxwell's Capacitive Co  Air            3%         ∞         100%        8
 Dragon's Call            Summ           3%         N/A       100%        9


Dungeon Overview and Level Annotations

Branches:
Dungeon (15/15)            Temple (1/1) D:6            Lair (5/5) D:10
 Shoals (0/4) Lair:3       Spider (3/4) Lair:2        Slime (0/5) Lair:4
    Orc (0/2) D:12         Vaults (0/5) D:13         Depths (0/4) D:15
 Bailey (visited)

Altars:
Ashenzari
Cheibriados
Dithmenos
Fedhas
Gozag
Hepliaklqana
Kikubaaqudgha
Makhleb
Nemelex Xobeh
Okawaru
Qazlal
Ru
Sif Muna
Trog
Uskayaw
Vehumet
Wu Jian
Xom
Yredelemnul

Shops:
D:5 *:?=[   D:10 [   D:15 (

Annotations:
D:9 3 runed translucent doors, nakedcarnage's ghost, novice OpCK
Spider:3 1 runed translucent door, Louise; Mara; Ympuan's ghost, adept DsFi


Innate Abilities, Weirdness & Mutations

You have hoof-like feet.
You are completely covered in large bone plates. (SH +8)
You may rarely emit foul miasma when damaged in melee.
You sometimes gain a little power by taking damage.
[You have an uncontrollable temper.]
[You are very clumsy. (Dex -4)]
[Your body often deteriorates upon taking damage.]
[You are very dopey. (Int -4)]
[You are extremely frail. (-30% HP)]
[You are very weak. (Str -4)]
[You are very vulnerable to cold. (rC--)]
[You are very vulnerable to heat. (rF--)]
[Your spells are much easier to cast, but much less powerful.]
[You sometimes lose the ability to read scrolls when taking damage.]


Message History

The will-o-the-wisp misses you.
Unknown command.
You slice the will-o-the-wisp!!
The will-o-the-wisp is heavily damaged.
You barely miss the wretched star. You slash the small abomination!
The small abomination closely misses you.
The wretched star pulses with an eldritch light!
You feel vulnerable to cold. x2
The small abomination closely misses you.
The will-o-the-wisp engulfs you!
Your body deteriorates!
You feel clumsy.
You block the small abomination's attack.
You block the will-o-the-wisp's attack.
The wretched star pulses with an eldritch light!
You feel vulnerable to heat. x2
Unknown command.
The small abomination attacks as you move away!
You block the small abomination's attack.
You block the will-o-the-wisp's attack.
You slash the will-o-the-wisp!
The will-o-the-wisp is severely damaged.
You hit the small abomination. The small abomination misses you.
The will-o-the-wisp engulfs you but does no damage.
The small abomination barely misses you.
The will-o-the-wisp blinks!
The small abomination hits you!
The wretched star pulses with an eldritch light!
You feel stupid. x2
Your connection to magic feels nearly dormant.
The small abomination hits you but does no damage.
The will-o-the-wisp gestures.
The will-o-the-wisp conjures some foxfire! 2 foxfires come into view.
The foxfire hits you!! The fire burns you terribly!
* * * LOW HITPOINT WARNING * * *
Your body deteriorates!
You feel weakened.
The will-o-the-wisp gestures.
The will-o-the-wisp conjures some foxfire!
The foxfire hits you!! The fire burns you terribly!
You die...
Kikubaaqudgha rasps: "You have failed me!
Welcome... death!"

.#...#.#§ ## .# #
..##....#..##...#
###.....#.. #...#
## .#.# #..§.§...
#.. .# .. ..#
#.#vv.#.###X#...##
#
.....v#*#..#...#.#.
. # ##§.#......##.
. .##. #...#..vx#
.#.#. ## X..#
###.##.#@#...# ###.
. #... ##..#..#.. #
##.# #. # #..#..#.#
#.##.# . ##
#.....##..# #. # .
. ....### ..## . #.
. . .... . .... # #
. # # ### .. ..#
#.. . .## #.# #.#


You could see a wretched star, a will-o-the-wisp and a small abomination.

Vanquished Creatures
  Arachne (Spider:3)
  Agnes (D:14)
  An emperor scorpion (Spider:1)
  2 broodmothers (Spider:2)
  2 ghost moths
  A spark wasp (Spider:2)
  A fire dragon (D:15)
  Fannar (D:12)
  4 hydras
  An ogre mage (D:10)
  A catoblepas (D:15)
  A dancing weapon (Abyss:3)
  7 two-headed ogres
  A radroach (Spider:2)
  5 death yaks
  3 centaur warriors
  2 boulder beetles
  3 tengu warriors
  A fire crab (Lair:5)
  3 skeletal warriors (D:12)
  Amaemon (Lair:3)
  A pharaoh ant (Spider:2)
  2 orb spiders
  2 steelbarb worms (Spider:2)
  Pikel (D:4)
  4 orc knights
  2 deep elf pyromancers
  3 ugly things
  An orc sorcerer (D:12)
  3 wolf spiders
  3 moths of wrath
  2 large abominations (Abyss:3)
  A manticore (D:7)
  6 black mambas
  Maurice (D:8)
  5 elephants
  A merfolk siren (Lair:3)
  3 cyclopes
  5 torpor snails
  7 cane toads
  4 demonic crawlers
  Maggie (D:6)
  4 komodo dragons
  3 unseen horrors (D:12)
  Psyche (D:8)
  3 rime drakes
  A tengu conjurer (D:15)
  2 kobold demonologists (D:11)
  3 efreet
  A polar bear (Lair:3)
  4 trolls
  Grinder (D:6)
  8 tarantellas
  Prince Ribbit (D:8)
  A hornet (D:7)
  13 blink frogs
  5 flying skulls (Abyss:3)
  8 jumping spiders
  13 slime creatures
  Sigmund (D:2)
  A centaur simulacrum (D:15)
  4 shadows
  2 wraiths
  2 wyverns
  2 culicivoras
  24 yaks
  9 humans (D:13)
  4 steam dragons
  A chaos spawn (Abyss:3)
  5 basilisks
  23 redbacks
  11 vampire mosquitoes
  Menkaure (D:4)
  A two-headed ogre zombie (D:12)
  Edmund (D:6)
  Duvessa (D:4)
  13 water moccasins
  An acid dragon (D:9)
  A floating eye (Lair:4)
  3 ice beasts
  2 sky beasts
  3 black bears
  8 orc warriors
  5 ogres (D:10)
  2 wolves (D:9)
  9 centaurs
  A small abomination (Abyss:3)
  2 phantoms
  6 kobold brigands
  6 bullfrogs
  A gnoll sergeant (D:9)
  3 scorpions
  4 wights (D:10)
  Dowan (D:4)
  3 troll zombies (D:12)
  11 howler monkeys
  2 jellies
  3 hounds
  Crazy Yiuf (D:6)
  2 orc priests (D:4)
  4 sleepcaps
  Ijyb (D:5)
  3 iguanas
  9 orc wizards
  4 ogre zombies (D:12)
  9 gnolls
  4 adders
  A white imp (D:5)
  An ufetubus (D:6)
  7 dart slugs
  50 orcs
  13 ball pythons
  2 bats (D:1)
  13 endoplasms
  6 giant cockroaches
  8 goblins
  7 hobgoblins
  3 jackals
  3 quokkas
  A frilled lizard (D:3)
  3 goblin zombies (D:12)
  2 hobgoblin skeletons (D:12)
  6 hobgoblin zombies (D:12)
  26 kobolds
  3 orc skeletons (D:12)
  9 orc zombies (D:12)
  11 rats
  A butterfly (Lair:3)
569 creatures vanquished.

Vanquished Creatures (collateral kills)
  An entropy weaver (Spider:2)
  An ice dragon (D:15)
  A hydra (Lair:5)
  A radroach (Spider:1)
  A boulder beetle (Spider:2)
  A jorogumo (Spider:1)
  2 two-headed ogres
  A centaur warrior (D:13)
  5 death yaks
  A goliath frog (Lair:5)
  2 skysharks (Lair:5)
  5 wolf spiders
  An ugly thing (D:13)
  A cyclops (D:9)
  2 black mambas
  An eye of devastation (Lair:4)
  6 elephants
  Joseph (D:8)
  A demonic crawler (Spider:2)
  7 cane toads
  An unseen horror (D:13)
  An orange demon (Lair:3)
  2 komodo dragons (Lair:5)
  A tyrant leech (Lair:5)
  5 tarantellas
  11 blink frogs
  A jumping spider zombie (Spider:2)
  11 jumping spiders
  4 slime creatures (D:15)
  A culicivora (Spider:1)
  Grum (D:9)
  17 yaks
  7 humans (D:13)
  6 redbacks
  3 vampire mosquitoes
  3 water moccasins
  2 orc warriors (Bailey)
  4 ogres (D:10)
  A wolf (D:9)
  4 centaurs
  2 kobold brigands
  8 bullfrogs (Lair:5)
  A howler monkey (D:9)
  An orc priest (D:11)
  An orc wizard (D:9)
  A gnoll (D:9)
  5 orcs
  A bat (D:1)
  3 goblins
  A goblin zombie (D:12)
  10 kobolds
  An orc zombie (D:12)
  A rat (D:1)
  A bush (Lair:5)
165 creatures vanquished.

Vanquished Creatures (others)
  A spark wasp (Spider:3)
  An ogre mage (D:13)
  A hydra (Lair:2)
  6 two-headed ogres (D:10)
  2 orb spiders
  An ugly thing (D:13)
  2 steelbarb worms (Spider:1)
  A deep elf pyromancer (D:13)
  A wolf spider (Spider:2)
  2 demonic crawlers (Spider:1)
  An elephant (Lair:4)
  A rime drake (Lair:4)
  7 redback zombies
  A komodo dragon (Lair:5)
  A tengu conjurer (D:13)
  2 tarantellas (Spider:1)
  4 tarantella zombies
  3 blink frogs
  A culicivora (Spider:1)
  4 jumping spider zombies
  A jumping spider (Spider:2)
  5 yaks
  A basilisk (Lair:5)
  A redback (Spider:2)
  A skyshark zombie (Lair:5)
  4 cane toad zombies (Lair:5)
  An elf zombie (D:12)
  A two-headed ogre zombie (D:10)
  An orc warrior (D:10)
  8 blink frog zombies
  6 ogres
  3 vampire mosquito zombies (Lair:5)
  An electric eel (Lair:5)
  3 centaur zombies
  7 bullfrog zombies
  A human zombie (D:13)
  A sleepcap (D:7)
  An orc wizard (D:6)
  An acid dragon zombie (D:9)
  3 ogre zombies (D:10)
  3 howler monkey zombies
  A white imp (D:7)
  16 orc zombies
  An orc (D:10)
  4 gnoll zombies
  A goblin zombie (D:8)
  A kobold zombie (D:11)
  4 foxfires (Abyss:3)
  32 fungi
  A lurking horror (Abyss:3)
  95 plants
253 creatures vanquished.

Grand Total: 987 creatures vanquished

Notes
Turn   | Place    | Note
-------+----------+-------------------------------------------
     0 | D:1      | CrazyBamboolord the Demonspawn Necromancer began the quest
                  | for the Orb.
     0 | D:1      | Reached XP level 1. HP: 13/13 MP: 3/3
   148 | D:1      | Gained mutation: You are partially covered in large bone
                  | plates. (SH +4) [demonic ancestry]
   148 | D:1      | Reached XP level 2. HP: 19/19 MP: 1/5
   506 | D:1      | Reached skill level 5 in Necromancy
   713 | D:1      | Reached XP level 3. HP: 17/24 MP: 1/6
   717 | D:1      | Learned a level 3 spell: Vampiric Draining
   979 | D:2      | Found a faded altar of an unknown god.
  1243 | D:2      | Reached skill level 1 in Fighting
  1424 | D:2      | Found an iron altar of Okawaru.
  1564 | D:2      | Noticed Sigmund
  1573 | D:2      | Killed Sigmund
  1574 | D:2      | Reached XP level 4. HP: 26/33 MP: 0/9
  1574 | D:2      | Gained mutation: You are mostly covered in large bone
                  | plates. (SH +6) [demonic ancestry]
  1574 | D:2      | Reached XP level 5. HP: 30/38 MP: 0/10
  1811 | D:2      | Reached skill level 6 in Necromancy
  2365 | D:3      | Found a hazy altar of Hepliaklqana.
  2410 | D:3      | Found a sacrificial altar of Ru.
  2604 | D:3      | Gained mutation: You may rarely emit foul miasma when
                  | damaged in melee. [demonic ancestry]
  2604 | D:3      | Reached XP level 6. HP: 44/44 MP: 6/11
  3133 | D:3      | Learned a level 4 spell: Animate Dead
  3139 | D:3      | Learned a level 5 spell: Agony
  3333 | D:4      | Reached XP level 7. HP: 50/50 MP: 9/13
  3340 | D:4      | Noticed Menkaure
  3351 | D:4      | Killed Menkaure
  3352 | D:4      | Reached skill level 5 in Spellcasting
  3363 | D:4      | Reached skill level 7 in Necromancy
  3639 | D:4      | Noticed Dowan
  3639 | D:4      | Noticed Duvessa
  3654 | D:4      | Killed Duvessa
  3662 | D:4      | Killed Dowan
  3663 | D:4      | Gained mutation: You have large cloven feet. [demonic
                  | ancestry]
  3663 | D:4      | Reached XP level 8. HP: 28/57 MP: 8/16
  3988 | D:4      | Noticed Pikel
  3994 | D:4      | Killed Pikel
  3995 | D:4      | Reached skill level 8 in Necromancy
  4212 | D:5      | Entered Level 5 of the Dungeon
  4227 | D:5      | Found Doene's Jewellery Shoppe.
  4270 | D:5      | Found Efuec's Magic Scroll Shoppe.
  4275 | D:5      | Bought a scroll of teleportation for 33 gold pieces
  4279 | D:5      | Found a burning altar of Makhleb.
  4288 | D:5      | Noticed Grinder
  4295 | D:5      | Paralysed by Grinder for 3 turns
  4337 | D:5      | Noticed Ijyb
  4345 | D:5      | Killed Ijyb
  4383 | D:5      | Found Xidghaol's Book Emporium.
  4442 | D:5      | Found Caon's General Store.
  4455 | D:5      | Bought a potion of curing for 30 gold pieces
  4558 | D:5      | Found Xierph's Antique Armour Emporium.
  4781 | D:5      | Learned a level 2 spell: Sublimation of Blood
  4888 | D:6      | Noticed Maggie
  4923 | D:6      | Killed Maggie
  4924 | D:6      | Reached XP level 9. HP: 30/65 MP: 19/19
  5075 | D:6      | Found a shadowy altar of Dithmenos.
  5249 | D:6      | Reached skill level 9 in Necromancy
  5473 | D:6      | Found a staircase to the Ecumenical Temple.
  5476 | D:6      | Noticed Edmund
  5500 | D:6      | Killed Edmund
  5529 | D:6      | Paralysed by Grinder for 5 turns
  5663 | D:6      | Found a basalt altar of Yredelemnul.
  5793 | Temple   | Entered the Ecumenical Temple
  5845 | Temple   | Became a worshipper of Kikubaaqudgha
  6180 | D:6      | Killed Grinder
  6247 | D:6      | Found a runed translucent door.
  6248 | D:6      | Noticed Crazy Yiuf
  6254 | D:6      | Killed Crazy Yiuf
  6600 | D:7      | Reached skill level 10 in Necromancy
  6708 | D:7      | Noticed a manticore
  6719 | D:7      | Killed a manticore
  6720 | D:7      | Gained mutation: You sometimes gain a little power by
                  | taking damage. [demonic ancestry]
  6720 | D:7      | Reached XP level 10. HP: 44/73 MP: 10/22
  6857 | D:7      | Noticed a cyclops
  6864 | D:7      | Killed a cyclops
  6865 | D:7      | Reached skill level 5 in Fighting
  7037 | D:7      | Noticed a brown ugly thing
  7037 | D:7      | Noticed a two-headed ogre
  7142 | D:7      | Killed a two-headed ogre
  7218 | D:7      | Killed a brown ugly thing
  7219 | D:7      | Reached skill level 11 in Necromancy
  7675 | D:5      | Bought a spiked cloak for 323 gold pieces
  7675 | D:5      | Identified the +1 cloak of Defiance {Regen+ rCorr Int-4}
                  | (You bought it in a shop on level 5 of the Dungeon)
  7812 | D:8      | Reached * piety under Kikubaaqudgha
  7812 | D:8      | Received a gift from Kikubaaqudgha
  7825 | D:8      | Found a flagged portal.
  7856 | Bailey   | Entered a bailey
  8051 | Bailey   | Reached ** piety under Kikubaaqudgha
  8090 | Bailey   | Noticed an orc knight
  8090 | Bailey   | Noticed an orc knight
  8120 | Bailey   | Killed an orc knight
  8121 | Bailey   | Reached skill level 5 in Dodging
  8121 | Bailey   | Reached skill level 10 in Spellcasting
  8125 | Bailey   | Killed an orc knight
  8208 | Bailey   | Noticed an orc knight
  8220 | Bailey   | Killed an orc knight
  8221 | Bailey   | Reached XP level 11. HP: 33/81 MP: 23/25
  8385 | Bailey   | Identified the +0 leather armour "Eripei" {rF+}
  8386 | Bailey   | Identified the +0 helmet of Buidiuh {Harm Rampage Will-
                  | Dex+5}
  8388 | Bailey   | Identified the +1 gold dragon scales of Forking Paths
                  | {rPois rF+ rC+ Str+4}
  8464 | D:8      | Noticed a two-headed ogre
  8473 | D:8      | Killed a two-headed ogre
  8474 | D:8      | Reached skill level 12 in Necromancy
  8713 | D:8      | Noticed Prince Ribbit
  8714 | D:8      | Found a hide-covered altar of Uskayaw.
  8715 | D:8      | Noticed Psyche
  8718 | D:8      | Killed Prince Ribbit
  8929 | D:8      | Killed Psyche
  9190 | D:8      | Learned a level 2 spell: Cigotuvi's Dreadful Rot
  9192 | D:8      | Noticed Maurice
  9199 | D:8      | Killed Maurice
  9277 | D:8      | Noticed Joseph
  9286 | D:8      | Killed Joseph
  9910 | D:9      | Reached *** piety under Kikubaaqudgha
  9910 | D:9      | Received a gift from Kikubaaqudgha
  9943 | D:9      | Learned a level 4 spell: Dispel Undead
  9948 | D:9      | Learned a level 4 spell: Anguish
  9955 | D:9      | Learned a level 6 spell: Death Channel
 10246 | D:9      | Found a stormy altar of Qazlal.
 10252 | D:9      | Noticed Grum
 10267 | D:9      | Killed Grum
 10270 | D:9      | Noticed a two-headed ogre
 10276 | D:9      | Killed a two-headed ogre
 10408 | D:9      | Reached skill level 13 in Necromancy
 10427 | D:9      | Reached skill level 1 in Hexes
 10486 | D:9      | Reached **** piety under Kikubaaqudgha
 10525 | D:9      | Found a runed translucent gate.
 10527 | D:9      | Found a runed translucent gate.
 10527 | D:9      | Found a runed translucent gate.
 10528 | D:9      | Noticed nakedcarnage's ghost (novice OpCK)
 10529 | D:9      | Noticed an 11-headed hydra
 10630 | D:9      | Found a broken altar of Ashenzari.
 10857 | D:10     | Entered Level 10 of the Dungeon
 10896 | D:10     | Noticed a two-headed ogre
 10905 | D:10     | Killed a two-headed ogre
 11010 | D:10     | Found Xuenumuo's Armour Boutique.
 11055 | D:10     | Noticed a two-headed ogre
 11062 | D:10     | Killed a two-headed ogre
 11121 | D:10     | Noticed a death yak
 11121 | D:10     | Noticed a two-headed ogre
 11125 | D:10     | Noticed a death yak
 11126 | D:10     | Noticed a death yak
 11129 | D:10     | Killed a two-headed ogre
 11130 | D:10     | Reached skill level 1 in Earth Magic
 11130 | D:10     | Killed a death yak
 11131 | D:10     | Reached XP level 12. HP: 66/89 MP: 2/27
 11132 | D:10     | Found a staircase to the Lair.
 11141 | D:10     | Killed a death yak
 11150 | D:10     | Killed a death yak
 11221 | D:10     | Found an ornate altar of the Wu Jian Council.
 11759 | D:10     | Noticed a two-headed ogre
 11759 | D:10     | Noticed a two-headed ogre
 11759 | D:10     | Noticed a two-headed ogre
 11767 | D:10     | Killed a two-headed ogre
 11775 | D:10     | Killed a two-headed ogre
 11783 | D:10     | Killed a two-headed ogre
 11784 | D:10     | Reached skill level 14 in Necromancy
 11931 | D:10     | Noticed a two-headed ogre
 11932 | D:10     | Noticed a two-headed ogre
 11932 | D:10     | Noticed a two-headed ogre
 11933 | D:10     | Noticed an ogre mage
 11940 | D:10     | Killed a two-headed ogre
 11942 | D:10     | Killed a two-headed ogre
 11944 | D:10     | Killed a two-headed ogre
 11950 | D:10     | Killed an ogre mage
 12088 | Lair:1   | Entered Level 1 of the Lair of Beasts
 12236 | Lair:1   | Got Nirutef's Handbook of Lightning and Putridity
 12243 | Lair:1   | Learned a level 5 spell: Borgnjor's Vile Clutch
 12588 | Lair:1   | Reached ***** piety under Kikubaaqudgha
 12844 | Lair:1   | Identified the +10 falchion of the Warrior {freeze, Will+
                  | Str+5}
 13076 | Lair:1   | Gained mutation: You have hoof-like feet. [demonic
                  | ancestry]
 13076 | Lair:1   | Reached XP level 13. HP: 96/96 MP: 21/29
 13510 | Lair:2   | Found a hole to the Spider Nest.
 13611 | Lair:2   | Identified the +2 pair of boots of Complete Protection {rN+
                  | Str+3 Dex+6 Stlth-}
 13834 | Lair:2   | Reached skill level 15 in Necromancy
 14474 | Lair:3   | Noticed Amaemon
 14488 | Lair:3   | Killed Amaemon
 14609 | Lair:3   | Identified the +2 robe "Henugusk" {rPois Stlth+}
 14706 | D:10     | Bought the +3 pair of gauntlets of War {Slay+5} for 617
                  | gold pieces
 14706 | D:10     | Found the +3 pair of gauntlets of War {Slay+5}
 14872 | Lair:3   | Upgraded the game from 0.30-a0-1176-gcdfb0321a8 to
                  | 0.31-a0-1-g4198be8af4
 15542 | Lair:3   | Found a staircase to the Shoals.
 15773 | Lair:4   | Found a staircase to the Slime Pits.
 16789 | Lair:5   | Entered Level 5 of the Lair of Beasts
 16799 | Lair:5   | Reached XP level 14. HP: 106/106 MP: 1/31
 16812 | Lair:5   | Reached skill level 16 in Necromancy
 16837 | Lair:5   | Reached ****** piety under Kikubaaqudgha
 16840 | Lair:5   | Reached skill level 5 in Hexes
 17364 | Lair:5   | Reached skill level 5 in Earth Magic
 17523 | Lair:5   | Learned a level 2 spell: Passwall
 17529 | Lair:5   | Learned a level 5 spell: Yara's Violent Unravelling
 18282 | D:11     | Identified the +3 leather armour of Honesty {Str+7 Dex-2}
 18726 | D:11     | Found a gateway to a bazaar.
 18887 | Bazaar   | Entered a bazaar
 18887 | Bazaar   | Found Linaq's Book Shoppe.
 18887 | Bazaar   | Found Riynylut's Antique Weapon Shoppe.
 18888 | Bazaar   | Found Urouzepu's General Store.
 18888 | Bazaar   | Found Fennups's Distillery.
 18922 | Bazaar   | Bought a potion of brilliance for 40 gold pieces
 18922 | Bazaar   | Bought a potion of brilliance for 40 gold pieces
 18922 | Bazaar   | Bought 2 potions of curing for 60 gold pieces
 18922 | Bazaar   | Bought a potion of haste for 100 gold pieces
 18936 | Bazaar   | Bought a slimy battleaxe for 230 gold pieces
 18936 | Bazaar   | Identified the +10 battleaxe "Ogre's Regret" {heavy, rPois
                  | rC+} (You bought it in a shop in a bazaar)
 18983 | D:12     | Noticed Fannar
 18995 | D:12     | Killed Fannar
 18998 | D:12     | Reached skill level 1 in Transmutations
 19097 | D:12     | Your ally Fannar died
 19672 | D:12     | Found a staircase to the Orcish Mines.
 19974 | D:12     | Reached skill level 15 in Spellcasting
 20679 | D:13     | Reached XP level 15. HP: 43/113 MP: 24/34
 20702 | D:13     | Reached skill level 17 in Necromancy
 20718 | D:13     | Found a gate to the Vaults.
 21796 | D:14     | Noticed Agnes
 21809 | D:14     | HP: 4/113 [Agnes/+5 vampiric lajatang (28)]
 21819 | D:14     | Killed Agnes
 22784 | D:15     | Entered Level 15 of the Dungeon
 22917 | D:15     | Found Tiut's Antique Weapon Emporium.
 23458 | D:15     | Found a staircase to the Depths.
 23815 | Spider:1 | Entered Level 1 of the Spider Nest
 23815 | Spider:1 | Noticed an emperor scorpion
 23824 | Spider:1 | Killed an emperor scorpion
 26055 | Spider:2 | Gained mutation: You are completely covered in large bone
                  | plates. (SH +8) [demonic ancestry]
 26055 | Spider:2 | Reached XP level 16. HP: 120/120 MP: 28/36
 28645 | Spider:3 | Found a runed translucent door.
 28650 | Spider:3 | Noticed Ympuan's ghost (adept DsFi)
 28677 | Spider:3 | Noticed Arachne
 28691 | Spider:3 | Killed Arachne
 28692 | Spider:3 | Reached skill level 18 in Necromancy
 29054 | Spider:3 | Noticed Louise
 29059 | Spider:3 | Noticed Mara
 29538 | Abyss:3  | Cast into level 3 of the Abyss (Louise)
 29553 | Abyss:3  | Found a corrupted altar of Lugonu.
 29613 | Abyss:3  | Noticed a bone dragon
 29640 | Abyss:3  | Found a corrupted altar of Lugonu.
 29651 | Abyss:3  | Found a corrupted altar of Lugonu.
 29658 | Abyss:3  | Found a corrupted altar of Lugonu.
 29668 | Abyss:3  | Found a corrupted altar of Lugonu.
 29668 | Abyss:3  | Found a corrupted altar of Lugonu.
 29668 | Abyss:3  | Found a corrupted altar of Lugonu.
 29746 | Abyss:3  | Found a corrupted altar of Lugonu.
 29932 | Abyss:3  | Killed from afar by a will-o-the-wisp

Illustrated notes

Levels and vault maps discovered:
D:1:      psy_arrival_fountain, layout_rooms
D:2:      layout_loops_cross, basic_altar,
          dreamdust_ecumenical_altar_angels_and_demons, minmay_pentomino_q2,
          uniq_sigmund
D:3:      layout_loops_ring, mainiacjoe_overflow_boulevard, tso_altar,
          worldfamousw_hep_ancestral_shrine, hellmonk_no_cap
D:4:      layout_loops_ring, uniq_pikel, uniq_menkaure, uniq_duvessa
D:5:      layout_basic, overflow_temple_1_default, serial_shops, shop, shop,
          nicolae_take_the_stairs, shop, kennysheep_little_box,
          minmay_misc_feat_cross, uniq_ijyb, uniq_grinder
D:6:      layout_basic, yredelemnul_altar_generic, grunt_dithmenos_smoke,
          minmay_temple_entry_arrows, serial_rivers,
          chequers_serial_rivers_large_b, chequers_serial_rivers_small_a,
          chequers_serial_rivers_small_b, chequers_serial_rivers_marsh,
          chequers_serial_rivers_large_a, uniq_maggie, uniq_crazy_yiuf_cottage,
          uniq_edmund
D:7:      layout_rooms, minmay_shattered_shrine
D:8:      layout_loops_corners, eat_drink_and_be_merry_uskayaw, enter_bailey_3,
          uniq_joseph, uniq_maurice, uniq_psyche, uniq_prince_ribbit1
D:9:      layout_irregular_city, ashenzari_altar_1,
          mainiacjoe_overflow_small_starburst, gammafunk_ghost_hydra_chop,
          uniq_grum
D:10:     lemuel_ogre_cave, layout_rooms,
          mainiacjoe_overflow_concentric_impassable, dpeg_lair_monsters,
          serial_shops, shop
D:11:     layout_loops_ring, serial_shops, bzr_in_the_mist
D:12:     layout_long_grid, zombieorc2_lemuel, uniq_fannar
D:13:     layout_basic, david_vaults_3, skrybe_limestone_x,
          minmay_misc_feat_five
D:14:     layout_loops_ring, minmay_misc_feat_tower, uniq_agnes
D:15:     grunt_enter_depths_hoard, layout_cave_pools, serial_shops, shop
Temple:   minmay_temple_bridge_abc
Lair:1:   layout_hall_layers, lemuel_fruit_tree, grunt_megastairs_5
Lair:2:   layout_misc_corridors, spider_nest_entry_a
Lair:3:   layout_cave_pods, minmay_shoals_entry_lonely_mermaid,
          lemuel_fruit_fields, uniq_amaemon
Lair:4:   layout_cave_pods, minmay_slime_entry_eyes,
          chequers_serial_rivers_small_a, patterned_corridor
Lair:5:   minmay_lair_end_frog_pond, layout_loops_ring, st_stairs_11,
          lemuel_fruit_fields
Spider:1: layout_cave_pods
Spider:2: layout_spider_delve, nicolae_spider_wall_of_niches,
          hangedman_spider_tarantella_strand
Spider:3: layout_cave_pods, hellmonk_ghost_happy_afterlife, uniq_louise,
          uniq_mara, uniq_arachne
Abyss:3:  evilmike_abyss_exit_7, evilmike_abyss_rune_tso_outpost, base: Temple,
          spicy_abyss_pitcher_plant, spicy_abyss_pitcher_plant,
          evilmike_abyss_exit_plants, hangedman_steaming_rock,
          spicy_pingpong_abyss_rune

Skill      XL: |  1  2  3  4  5  6  7  8  9 10 11 12 13 14 15 16 |
---------------+-------------------------------------------------+-----
Necromancy     | 5 6 7 8 10 11 13 14 15 16 17 18 | 18.1
Dodging        | 2 3 4 5 6 7 8 9 |  9.1
Fighting       | 1 2 4 5 6 7 8 9 |  9.9
Spellcasting   | 3 4 5 7 8 10 11 12 13 15 16 | 16.5
Stealth        | 2 3 4 |  4.1
Hexes          | 1 3 4 5 6 7 |  7.3
Earth Magic    | 1 2 4 5 6 7 |  7.4
Transmutations | 1 3 4 |  4.1

Action                     |  1- 3 |  4- 6 |  7- 9 | 10-12 | 13-15 | 16-18 || total
---------------------------+-------+-------+-------+-------+-------+-------++-------
  Melee: Unarmed           |    16 |       |       |    10 |       |       ||    26
         Spear             |     4 |       |       |       |       |       ||     4
         Dagger            |     1 |     5 |    10 |       |       |       ||    16
         Punch             |       |       |     2 |     3 |     2 |       ||     7
         Short sword       |       |       |    47 |   195 |       |       ||   242
         Kick              |       |       |    20 |    73 |     2 |       ||    95
         Falchion          |       |       |       |     5 |   111 |       ||   116
         Battleaxe         |       |       |       |       |   122 |    53 ||   175
   Cast: Necrotise         |    82 |    67 |   120 |    97 |       |       ||   366
         Vampiric Draining |     1 |     9 |    42 |    94 |    63 |     2 ||   211
         Animate Dead      |       |       |     3 |    15 |    15 |     4 ||    37
         Agony             |       |       |    13 |    51 |    53 |     4 ||   121
         Anguish           |       |       |       |    24 |    98 |    23 ||   145
         Death Channel     |       |       |       |    14 |    28 |     4 ||    46
         Cigotuvi's Dreadf |       |       |       |     2 |     2 |       ||     4
         Dispel Undead     |       |       |       |     8 |    38 |    12 ||    58
         Borgnjor's Vile C |       |       |       |       |   177 |    74 ||   251
         Sublimation of Bl |       |       |       |       |     1 |       ||     1
         Yara's Violent Un |       |       |       |       |     2 |     2 ||     4
         Passwall          |       |       |       |       |       |     4 ||     4
  Evoke: Wand              |       |       |    19 |     9 |     9 |     4 ||    41
    Use: Scroll            |     1 |     2 |     4 |     8 |    20 |    10 ||    45
         Potion            |       |       |     2 |       |     6 |    10 ||    18
   Stab: Paralysed         |       |       |    15 |     9 |       |     4 ||    28
         Sleeping          |       |       |     1 |     2 |     6 |       ||     9
         Distracted        |       |       |       |     1 |     9 |       ||    10
 Armour: Robe              |     5 |     7 |    14 |       |    30 |       ||    56
         Steam dragon scal |       |       |    42 |    97 |   206 |    57 ||   402
         Skin              |       |       |       |     2 |       |       ||     2
  Dodge: Dodged            |    32 |    16 |   108 |   339 |   688 |   138 ||  1321
  Block: Other             |     4 |     9 |    42 |   119 |   199 |    76 ||   449

Table legend: (Time is in decaauts)
 A = Elapsed time spent in this place.
 B = Non-inter-level travel time spent in this place.
 C = Inter-level travel time spent in this place.
 D = Time resting spent in this place.
 E = Time spent auto-exploring this place.
 F = Levels seen in this place.
 G = Mean time per level.
                   A        B        C        D        E       F      G
               +--------+--------+--------+--------+--------+-----+--------+
         Total |  30395 |  28665 |   1730 |   6899 |  15883 |  27 | 1125.7 |
       Dungeon |  17492 |  16352 |   1140 |   2760 |  10281 |  15 | 1166.1 |
        Temple |     75 |     53 |     22 |      0 |     42 |   1 |   75.0 |
          Lair |   6184 |   5843 |    341 |   1363 |   3479 |   5 | 1236.8 |
   Spider Nest |   5621 |   5395 |    226 |   2364 |   2072 |   3 | 1873.7 |
         Abyss |    406 |    406 |      0 |    175 |      0 |   1 |  406.0 |
        Bazaar |     58 |     58 |      0 |      0 |      0 |   1 |   58.0 |
        Bailey |    556 |    556 |      0 |    237 |      7 |   1 |  556.0 |
               +--------+--------+--------+--------+--------+-----+--------+

Top non-repeatable levels by time:
Spider:2: 2887 daAuts
Spider:1: 1899 daAuts
     D:6: 1655 daAuts
    D:10: 1562 daAuts
  Lair:1: 1543 daAuts
     D:7: 1325 daAuts
     D:8: 1279 daAuts
    D:11: 1269 daAuts
  Lair:2: 1266 daAuts
    D:14: 1195 daAuts
    D:13: 1173 daAuts
  Lair:5: 1163 daAuts
     D:2: 1150 daAuts
  Lair:4: 1110 daAuts
  Lair:3: 1099 daAuts
